 Dungeon Crawl Stone Soup version 0.30-a0-718-geaa24f58ff (webtiles) character file.

Game seed: 7699124399038796364

70 ASSMAN the Cudgeller (level 4, -3/58 HPs)
             Began as an Armataur Berserker on Jan 25, 2023.
             Was a Believer of Trog.
             Slain by a gnoll
             ... wielding a +0 halberd
              (8 damage)
             ... on level 3 of the Dungeon.
             The game lasted 00:01:33 (1891 turns).

ASSMAN the Cudgeller (Armataur Berserker)           Turns: 1891, Time: 00:01:35

Health: -3/58      AC:  7    Str: 25    XL:     4   Next: 4%
Magic:  4/4        EV:  6    Int:  7    God:    Trog [**....]
Gold:   138        SH:  0    Dex:  9    Spells: 3/3 levels left

rFire   . . .      SeeInvis .    a - +0 mace
rCold   . . .      Faith    .    (no shield)
rNeg    . . .      Spirit   .    l - +0 chain mail
rPois   .          Reflect  .    (no helmet)
rElec   .          Harm     .    (no cloak)
rCorr   .          Roll     +    (no gloves)
Will    .....                    (no barding) Stlth
                                 (no amulet)
HPRegen 0.29/turn                (no ring)
MPRegen 0.09/turn                (no ring)

@: berserking, very quick
A: large, rugged brown scales 3, deformed body, armoured tail, roll, long
tongue, awkward tongue
a: Renounce Religion, Berserk, Trog's Hand


You were on level 3 of the Dungeon.
You worshipped Trog.
Trog was pleased with you.
You visited 1 branch of the dungeon, and saw 3 of its levels.

You collected 138 gold pieces.

Inventory:

Hand Weapons
 a - a +0 mace (weapon)
Armour
 l - a +0 chain mail (worn)
Jewellery
 b - a +6 ring of intelligence
Scrolls
 c - a scroll of summoning {unknown}
 d - 5 scrolls of identify {unknown}
 e - a scroll of poison {unknown}
 f - a scroll of amnesia {unknown}
 g - a scroll of silence {unknown}
 h - 2 scrolls of teleportation {unknown}
 o - a scroll of torment {unknown}
Potions
 i - a potion of flight {unknown}
 j - a potion of degeneration {unknown}
 k - 2 potions of lignification {unknown}
 m - a potion of heal wounds {unknown}
 n - a potion of attraction {unknown}


   Skills:
 - Level 2.6 Fighting
 + Level 4.5 Maces & Flails
 - Level 2.4 Armour
 - Level 1.3 Dodging


You had 3 spell levels left.
You didn't know any spells.
Your spell library contained the following spells:

 Spells                   Type           Power      Damage    Failure   Level
 Freeze                   Ice            0%         1d3       97%         1
 Static Discharge         Conj/Air       0%         2-2/arc   99%         2
 Frozen Ramparts          Ice            0%         1d1       100%        3
 Hailstorm                Conj/Ice       0%         3d3       100%        3
 Vhi's Electric Charge    Tloc/Air       0%         N/A       100%        3
 Arcjolt                  Conj/Air       0%         1d10      100%        5
 Lightning Bolt           Conj/Air       0%         1d11      100%        5


Dungeon Overview and Level Annotations

Branches:
Dungeon (3/15)

Altars:


Innate Abilities, Weirdness & Mutations

You are completely covered in rugged brown scales. (AC +3, +7% HP)
Armour fits poorly on your strangely shaped body.
You have a long armoured tail.
You roll when moving toward enemies. (Rampage)
Your long tongue fully drains potion bottles. (2x potion effects)
Your tongue gives you trouble enunciating. (1.5x scroll delay)


Message History

The gnoll closely misses you.
The gnoll shouts!
You hit the gnoll.
Your tail-slap misses the gnoll.
The gnoll is lightly wounded.
You hear a shout!
The gnoll barely misses you.
The hobgoblin hits you but does no damage.
You hit the gnoll.
The gnoll is moderately wounded.
A gnoll comes into view. It is wielding a +0 club.
The gnoll hits you but does no damage. The hobgoblin hits you.
The gnoll hits you with a +0 club. x2
The gnoll hits you from afar with a +0 spear.
The hobgoblin hits you but does no damage.
You hit the gnoll. You tail-slap the gnoll.
The gnoll is almost dead.
The gnoll barely misses you.
The hobgoblin hits you but does no damage.
The gnoll hits you with a +0 club. The gnoll hits you but does no damage.
You hit the hobgoblin.
You kill the hobgoblin!
Trog accepts your kill.
A red film seems to cover your vision as you go berserk!
You feel yourself moving faster!
You feel mighty!
You roll towards the gnoll!
You closely miss the gnoll.
The gnoll hits you from afar with a +0 halberd!
* * * LOW HITPOINT WARNING * * *
You sock the gnoll! You tail-slap the gnoll.
You kill the gnoll!
Trog accepts your kill.
The gnoll hits you from afar with a +0 halberd!
* * * LOW HITPOINT WARNING * * *
You have reached level 4!
You feel stronger.
You barely miss the gnoll. You tail-slap the gnoll.
You kill the gnoll!
Trog accepts your kill.
The gnoll hits you from afar with a +0 halberd!
You die...

#############
...........#
....##.##.#
#.#.##.##.#
#(#.##.##.#
#..#.#.##.###
#.###.......##
#..#....#..#@#######
#.#.#.....###g.....#
#........## ##g....#
##......#.# .###..#
#)####.##.#.# $...
#.# ### ..# ### #<#
#.# #.# # #.#


You could see 2 gnolls.

Vanquished Creatures
  3 gnolls
  A worm (D:2)
  4 ball pythons
  A bat (D:1)
  5 endoplasms
  3 giant cockroaches (D:1)
  6 hobgoblins
  8 kobolds
  2 quokkas
  4 frilled lizards
  3 goblins
  4 rats (D:1)
44 creatures vanquished.

Notes
Turn   | Place    | Note
-------+----------+-------------------------------------------
     0 | D:1      | ASSMAN the Armataur Berserker began the quest for the Orb.
     0 | D:1      | Reached XP level 1. HP: 19/19 MP: 1/1
    32 | D:1      | Reached skill level 3 in Maces & Flails
    32 | D:1      | Reached XP level 2. HP: 13/26 MP: 2/2
   612 | D:1      | Reached XP level 3. HP: 25/32 MP: 3/3
   718 | D:1      | Reached ** piety under Trog
   719 | D:1      | Reached skill level 4 in Maces & Flails
  1891 | D:3      | Reached XP level 4. HP: 5/39 MP: 4/4
  1891 | D:3      | Slain by a gnoll

Illustrated notes

Levels and vault maps discovered:
D:1:      spicycebolla_arrival_ecumenical, layout_basic, minmay_misc_feat_x,
          minmay_tromino_i2
D:2:      layout_loops_ring, minmay_misc_feat_columns
D:3:      minmay_octagon_keep, layout_loops_ring, lexackson_kobold_supper

Skill      XL: |  1  2  3 |
---------------+----------+-----
Maces & Flails | 3 4 |  4.5
Fighting       | |  2.6
Armour         | |  2.4
Dodging        | |  1.3

Action                     |  1- 3 |  4- 6 || total
---------------------------+-------+-------++-------
  Melee: Mace              |   104 |     1 ||   105
         Tailslap          |    13 |     1 ||    14
         Punch             |     1 |       ||     1
 Invoke: Berserk           |     1 |       ||     1
   Stab: Sleeping          |     1 |       ||     1
 Armour: Animal skin       |    23 |       ||    23
         Chain mail        |    16 |       ||    16
  Dodge: Dodged            |    41 |       ||    41

Table legend: (Time is in decaauts)
 A = Elapsed time spent in this place.
 B = Non-inter-level travel time spent in this place.
 C = Inter-level travel time spent in this place.
 D = Time resting spent in this place.
 E = Time spent auto-exploring this place.
 F = Levels seen in this place.
 G = Mean time per level.
                   A        B        C        D        E       F      G
               +--------+--------+--------+--------+--------+-----+--------+
         Total |   1911 |   1861 |     50 |     53 |   1531 |   3 |  637.0 |
       Dungeon |   1911 |   1861 |     50 |     53 |   1531 |   3 |  637.0 |
               +--------+--------+--------+--------+--------+-----+--------+

Top non-repeatable levels by time:
     D:1: 1160 daAuts
     D:2: 708 daAuts
     D:3: 42 daAuts
